 Dungeon Crawl Stone Soup version 0.29-a0-352-g0917bc69df (console) character file.

Game seed: 1272807271285925506

322 jejorda2 the Poker (level 6, -1/49 HPs)
             Began as a Merfolk Berserker on Apr 25, 2022.
             Was a Believer of Trog.
             Slain by a gnoll
             ... wielding a +2 vampiric spear
              (6 damage)
             ... on level 3 of the Dungeon.
             The game lasted 00:05:51 (2630 turns).

jejorda2 the Poker (Merfolk Berserker)              Turns: 2630, Time: 00:05:52

Health: -1/49      AC:  6    Str: 18    XL:     6   Next: 47%
Magic:  6/6        EV: 11    Int:  6    God:    Trog [**....]
Gold:   114        SH:  0    Dex: 15    Spells: 5/5 levels left

rFire   . . .      SeeInvis .   a - +0 spear
rCold   . . .      Faith    .   (no shield)
rNeg    + + .      Spirit   .   q - +0 ring mail
rPois   .          Reflect  .   n - +0 helmet
rElec   .          Harm     .   (no cloak)
rCorr   .          Rampage  .   (no gloves)
Will    .....                   (no boots)
Stlth   +.........              (no amulet)
HPRegen 0.16/turn               b - ring of positive energy
MPRegen 0.10/turn               r - ring of positive energy

@: on berserk cooldown, slowed, very slow
A: (nimble swimmer 2), mertail
a: Renounce Religion, Berserk, Trog's Hand


You were on level 3 of the Dungeon.
You worshipped Trog.
Trog was pleased with you.
You visited 1 branch of the dungeon, and saw 3 of its levels.

You collected 114 gold pieces.

Inventory:

Hand Weapons
 a - a +0 spear (weapon)
Missiles
 f - 5 curare-tipped darts
 i - 3 poisoned darts
 j - 165 stones (quivered)
Armour
 n - a +0 helmet (worn)
 q - a +0 ring mail (worn)
Jewellery
 b - a ring of positive energy (left hand)
 r - a ring of positive energy (right hand)
Scrolls
 c - a scroll of immolation {unknown}
 d - a scroll of blinking {unknown}
 e - a scroll of magic mapping {unknown}
 h - 2 scrolls of identify {unknown}
 l - 2 scrolls of enchant weapon {unknown}
 p - a scroll of vulnerability {unknown}
Potions
 g - a potion of curing
 k - 2 potions of might {unknown}
 m - a potion of attraction {unknown}
 o - a potion of berserk rage {unknown}


   Skills:
 + Level 4.7 Fighting
 * Level 7.2 Polearms
 + Level 2.7 Armour
 - Level 2.6 Dodging


You had 5 spell levels left.
You didn't know any spells.
Your spell library was empty.

Dungeon Overview and Level Annotations

Branches:
Dungeon (3/15)

Altars:
Zin


Innate Abilities, Weirdness & Mutations

((You are very nimble when in or above water. (Stealth+, EV+, Speed+++)))
Your lower body shifts to a powerful aquatic tail in water.


Message History

The gnoll hits you but does no damage.
The gnoll sergeant hits you from afar with a +0 spear.
* * * LOW HITPOINT WARNING * * *
Reach: a) +0 spear
Press: ? - help, Dir - move target, f/p - gnoll sergeant
Aim: a gnoll sergeant, wielding a +0 spear, wearing a +0 scale mail and wearing a +0 buckler (almost dead, about 28% to evade your +0 spear)
You reach to attack!
You barely miss the gnoll sergeant.
The gnoll sergeant is almost dead.
Unknown command.
Reach: a) +0 spear
Press: ? - help, Dir - move target, f/p - gnoll sergeant
Aim: a gnoll sergeant, wielding a +0 spear, wearing a +0 scale mail and wearing a +0 buckler (almost dead, about 28% to evade your +0 spear)
You reach to attack!
You puncture the gnoll sergeant!
You kill the gnoll sergeant!
Trog accepts your kill. The gnoll completely misses you.
Your Polearms skill increases to level 7!
Reach: a) +0 spear
Press: ? - help, Dir - move target, f - gnoll
Aim: a gnoll, wielding a +0 flail (about 31% to evade your +0 spear)
You reach to attack!
You puncture the gnoll!
The gnoll is heavily wounded.
Unknown command.
Reach: a) +0 spear
Press: ? - help, Dir - move target, f/p - gnoll
Aim: a gnoll, wielding a +0 flail (heavily wounded, about 31% to evade your +0 spear)
You reach to attack!
You puncture the gnoll!
You kill the gnoll!
Trog accepts your kill.
You are no longer berserk.
You are exhausted.
You feel yourself slow down.
The gnoll hits you from afar with a +2 vampiric spear.
* * * LOW HITPOINT WARNING * * *
Reach: a) +0 spear
Press: ? - help, Dir - move target, f - gnoll
Aim: a gnoll, wielding a +2 vampiric spear (about 31% to evade your +0 spear)
You reach to attack!
You hit the gnoll but do no damage.
The gnoll hits you from afar with a +2 vampiric spear.
You die...

....................gg...
...........:..#.....##
####...######.#.....#
#...# #.#.###.# #...#
#.#.###.### #...#
#....>.....
#...########)#g#####
#........# #.#.####
####..≈._.≈.###.@....#
.....§§§.....####.##....
...#...†...#.# $# .
#......###.#.# ..
#....#.......#######
#.##...###......#
......## ######.####
#####.# #.......# # #.#
#.##.#..#


You could see a gnoll.

Vanquished Creatures
  Sigmund (D:2)
  A gnoll sergeant (D:3)
  An adder (D:2)
  4 gnolls (D:3)
  2 dart slugs
  3 bats
  4 endoplasms (D:1)
  3 giant cockroaches
  4 goblins
  5 hobgoblins
  3 jackals (D:1)
  4 quokkas
  7 ball pythons
  A frilled lizard (D:1)
  5 kobolds
  3 rats
51 creatures vanquished.

Notes
Turn   | Place    | Note
-------+----------+-------------------------------------------
     0 | D:1      | jejorda2 the Merfolk Berserker began the quest for the Orb.
     0 | D:1      | Reached XP level 1. HP: 18/18 MP: 1/1
   379 | D:1      | Reached XP level 2. HP: 23/24 MP: 2/2
   965 | D:1      | Reached XP level 3. HP: 29/29 MP: 3/3
  1480 | D:2      | Reached skill level 5 in Polearms
  1504 | D:2      | Reached ** piety under Trog
  2061 | D:2      | Noticed Sigmund
  2106 | D:2      | Killed Sigmund
  2107 | D:2      | Reached skill level 6 in Polearms
  2107 | D:2      | Reached XP level 4. HP: 38/38 MP: 4/4
  2107 | D:2      | Reached XP level 5. HP: 43/43 MP: 5/5
  2469 | D:3      | Found a glowing silver altar of Zin.
  2609 | D:3      | Reached XP level 6. HP: 45/49 MP: 6/6
  2628 | D:3      | Reached skill level 7 in Polearms
  2630 | D:3      | Slain by a gnoll

Illustrated notes

Levels and vault maps discovered:
D:1:      wheals_arrival_shading, layout_basic, minivault_24, nrook_mini_vaults
D:2:      layout_loops_ring, uniq_sigmund
D:3:      layout_loops_cross, mainiacjoe_overflow_tiny_flanked,
          hellmonk_ecumenical_altar_run_dry, uniq_natasha

Skill      XL: |  1  2  3  4  5  6 |
---------------+-------------------+-----
Polearms       | 6 7 |  7.2
Fighting       | 4 |  4.7
Armour         | 2 |  2.7
Dodging        | |  2.6

Action                   |  1- 3 |  4- 6 || total
-------------------------+-------+-------++-------
Melee: Spear             |   123 |    50 ||   173
Throw: Stone             |    27 |       ||    27
       Dart              |     1 |       ||     1
Invok: Berserk           |     3 |     1 ||     4
       Trog's Hand       |     1 |       ||     1
  Use: Potion            |     1 |       ||     1
 Stab: Sleeping          |     3 |       ||     3
Armor: Animal skin       |    13 |       ||    13
       Ring mail         |     8 |     6 ||    14
Dodge: Dodged            |    41 |    18 ||    59

Table legend: (Time is in decaauts)
 A = Elapsed time spent in this place.
 B = Non-inter-level travel time spent in this place.
 C = Inter-level travel time spent in this place.
 D = Time resting spent in this place.
 E = Time spent auto-exploring this place.
 F = Levels seen in this place.
 G = Mean time per level.
                   A        B        C        D        E       F      G
               +--------+--------+--------+--------+--------+-----+--------+
         Total |   2629 |   2589 |     40 |    453 |   1716 |   3 |  876.3 |
       Dungeon |   2629 |   2589 |     40 |    453 |   1716 |   3 |  876.3 |
               +--------+--------+--------+--------+--------+-----+--------+

Top non-repeatable levels by time:
     D:1: 1461 daAuts
     D:2: 1010 daAuts
     D:3: 157 daAuts
